 Dungeon Crawl Stone Soup version 0.31-a0-1591-g515db51633 (webtiles) character file.

Game seed: 4364519182329566764

11781 GinfulOdds the Basher (level 11, 0/75 HPs)
             Began as a Gnoll Wanderer on Jan 6, 2024.
             Was an Elder of Hepliaklqana.
             Slain by a minotaur
             ... wielding the +7 lajatang of Order {silver, rMut}
              (3 damage)
             ... in a Gauntlet.
             The game lasted 00:30:26 (12322 turns).

GinfulOdds the Basher (Gnoll Wanderer)             Turns: 12322, Time: 00:30:26

Health: 0/75       AC: 22    Str: 16    XL:     11   Next: 83%
Magic:  19/22      EV: 18    Int: 14    God:    Hepliaklqana [****..]
Gold:   321        SH:  0    Dex:  9    Spells: 7/25 levels left

rFire   + . .        b - +2 arbalest (freeze)
rCold   + . .        (shield currently unavailable)
rNeg    . . .        E - +2 robe {Will+}
rPois   .            (no helmet)
rElec   .            D - scarf {rC+ rF+}
rCorr   .            X - +3 pair of gauntlets of War {Slay+5}
SInv    .            C - +1 pair of boots
Will    +....        T - amulet of the acrobat
Stlth   +++          H - +4 ring of protection
HPRegen 0.32/turn    o - +5 ring of evasion
MPRegen 0.18/turn

%: no teleportation, acrobat
@: ice-armoured, invisible
A: reduced essence, fangs 1, strong nose, distributed training
a: Renounce Religion, Recall Ancestor, Ancestor Identity, Transference, Idealise


You were in a Gauntlet.
You worshipped Hepliaklqana.
Hepliaklqana was greatly pleased with you.
You visited 2 branches of the dungeon, and saw 12 of its levels.
You also visited: Sewer and Gauntlet.

You collected 1413 gold pieces.
You spent 1092 gold pieces at shops.

Inventory:

Hand Weapons
 a - a +1 flail
 b - a +2 arbalest of freezing (weapon)
 x - a +1 dagger of draining
 F - a +3 heavy shortbow
 P - a +4 long sword
 Q - a +0 orcbow
Missiles
 j - 5 javelins
 s - 7 boomerangs
 G - 26 poisoned darts
Armour
 e - a +0 helmet
 p - a +1 leather armour of fire resistance
 C - a +1 pair of boots (worn)
 D - a scarf of resistance (worn)
 E - a +2 robe of willpower (worn)
 X - the +3 pair of gauntlets of War (worn) {Slay+5}
   (You bought it in a shop on level 6 of the Dungeon)

   Slay+5:    It affects your accuracy & damage with ranged weapons and melee
   (+5).
Magical Staves
 m - a staff of air
 O - a staff of fire
Jewellery
 f - an amulet of reflection
 l - the ring of the Coward {Fly Will+ Int-3 SInv}
   (You found it in a Gauntlet)

   [ring of see invisible]

   Int-3:     It affects your intelligence (-3).
   Will+:     It increases your willpower.
   SInv:      It lets you see invisible.
   Fly:       It grants you flight.
 o - a +5 ring of evasion (right hand)
 A - a ring of magical power
 H - a +4 ring of protection (left hand)
 I - a ring of protection from cold
 S - a ring of see invisible
 T - an amulet of the acrobat (around neck)
Talismans
 u - a talisman of death
Wands
 c - a wand of charming (14)
 K - a wand of mindburst (4)
 N - a wand of quicksilver (5)
 W - a wand of roots (3)
Scrolls
 g - a scroll of fear
 i - a scroll of revelation
 t - 7 scrolls of teleportation
 w - 4 scrolls of fog
 y - 3 scrolls of vulnerability
 B - a scroll of blinking
 J - 4 scrolls of poison
 R - a scroll of enchant armour
Potions
 d - 2 potions of lignification
 h - 2 potions of haste
 k - 3 potions of enlightenment
 n - a potion of resistance
 q - 3 potions of curing
 r - 2 potions of invisibility
 v - 2 potions of mutation
 z - a potion of berserk rage
 L - a potion of cancellation {unknown}
 M - 2 potions of brilliance
 U - a potion of ambrosia {unknown}
 V - 2 potions of might {unknown}
Miscellaneous
 Y - a sack of spiders (inert)


   Skills:
 + Level 7.4 Fighting
 + Level 6.9 Short Blades
 + Level 6.9 Long Blades
 + Level 6.9 Axes
 + Level 11.0 Maces & Flails
 + Level 6.9 Polearms
 + Level 6.9 Staves
 + Level 6.9 Ranged Weapons
 + Level 6.9 Throwing
 + Level 8.4 Armour
 + Level 6.9 Dodging
 + Level 6.9 Stealth
 + Level 6.9 Shields
 + Level 6.9 Unarmed Combat
 + Level 7.5 Spellcasting
 + Level 5.7 Conjurations
 + Level 5.7 Hexes
 + Level 5.7 Summonings
 + Level 5.7 Necromancy
 + Level 5.7 Translocations
 + Level 5.7 Fire Magic
 + Level 5.7 Ice Magic
 + Level 7.0 Air Magic
 + Level 5.7 Earth Magic
 + Level 5.7 Alchemy
 + Level 7.6 Invocations
 + Level 6.9 Evocations
 + Level 6.3 Shapeshifting


You had 7 spell levels left.
You knew the following spells:

 Your Spells              Type           Power      Damage    Failure   Level
a - Static Discharge      Conj/Air       46%        3-5/arc   1%          2
b - Cigotuvi's Dreadful   Necr/Alch/Air  44%        N/A       1%          2
c - Scorch                Fire           42%        2d6       1%          2
d - Call Canine Familiar  Summ           21%        N/A       3%          3
f - Fugue of the Fallen   Necr           21%        N/A       3%          3
i - Inner Flame           Hex/Fire       21%        N/A       3%          3
o - Ozocubu's Armour      Ice            21%        N/A       3%          3

Your spell library contained the following spells:

 Spells                   Type           Power      Damage    Failure   Level
 Slow                     Hex            84%        N/A       1%          1
 Confusing Touch          Hex            21%        N/A       3%          3
 Sigil of Binding         Hex            21%        N/A       3%          3
 Vampiric Draining        Necr           21%        2d7       3%          3
 Dimensional Bullseye     Hex/Tloc       10%        N/A       13%         4
 Flame Wave               Conj/Fire      21%        2d8       13%         4
 Manifold Assault         Tloc           21%        N/A       13%         4
 Irradiate                Conj/Alch      10%        3d15      34%         5
 Summon Cactus Giant      Summ           10%        N/A       89%         6
 Ignition                 Fire           10%        3d5       100%        8


Dungeon Overview and Level Annotations

Branches:
Dungeon (11/15)            Temple (1/1) D:4             Orc (0/2) D:10
  Sewer (visited)         Gauntlet (1/1)
   Lair: D:8-11

Altars:
Ashenzari
Cheibriados
Dithmenos
Elyvilon
Fedhas
Gozag
Hepliaklqana
Kikubaaqudgha
Makhleb
Nemelex Xobeh
Okawaru
Qazlal
Ru
Sif Muna
Trog
Uskayaw
Vehumet
Wu Jian
Xom
Yredelemnul
Zin
The Shining One
Jiyva

Shops:
D:5 [   D:6 [

Annotations:
D:2 1 runed translucent door, Crazy Yiuf Gauntlet 8 transporters, 21 runed translucent doors


Innate Abilities, Weirdness & Mutations

Your life essence is reduced to manifest your ancestor. (-10% HP)
You have very sharp teeth.
Your uncanny sense of smell can sniff out nearby items.
Your experience applies equally to all skills.


Message History

The minotaur is severely wounded.
The minotaur throws a silver javelin.
The silver javelin pierces through you but does no damage.
Unknown command.
Fire: b) +2 arbalest (freeze)
Press: ? - help, Q - select action, (/) - cycle Shift-Dir - straight line, f/p - minotaur
Aim: a minotaur, wielding the +7 lajatang of Order {silver, rMut}, wearing a +0 chain mail and quivering silver javelins (severely wounded, unable to see you, 75% to hit)
You shoot a bolt. The bolt hits the minotaur.
The bolt freezes the minotaur.
The minotaur is severely wounded.
The minotaur throws a silver javelin.
The silver javelin closely misses you.
Unknown command.
Fire: b) +2 arbalest (freeze)
Press: ? - help, Q - select action, (/) - cycle Shift-Dir - straight line, f/p - minotaur
Aim: a minotaur, wielding the +7 lajatang of Order {silver, rMut}, wearing a +0 chain mail and quivering silver javelins (severely wounded, unable to see you, 75% to hit)
You shoot a bolt.
The bolt hits the minotaur but does no damage.
The minotaur is severely wounded.
The minotaur completely misses you. The minotaur closely misses you.
Unknown command.
You shoot a bolt. The bolt hits the minotaur!
The bolt freezes the minotaur.
The minotaur is almost dead.
The minotaur hits you with the +7 lajatang of Order {silver, rMut}!
The minotaur completely misses you.
The minotaur hits you but does no damage.
The minotaur gores you!
You take 31 damage, and have 37/75 hp.
MASSIVE DAMAGE!!
You shoot a bolt.
The bolt hits the minotaur but does no damage.
The minotaur is severely wounded.
The minotaur hits you with the +7 lajatang of Order {silver, rMut}!
* * * LOW HITPOINT WARNING * * *
The minotaur completely misses you.
You take 15 damage, and have 22/75 hp.
You shoot a bolt. The bolt hits the minotaur.
The bolt freezes the minotaur.
The minotaur is almost dead.
The minotaur hits you with the +7 lajatang of Order {silver, rMut}!
* * * LOW HITPOINT WARNING * * *
x2 The minotaur misses you.
The minotaur hits you with the +7 lajatang of Order {silver, rMut}.
You die...

########...#..#©..R#©
#......§.8.#..#:..#.#
##.##.###...#..#Z.#...
#8........8.#..#Z#....
#.....#.#...#..##.....
#######.#.#...#..#######
(8)8.8#...#.©.#≈........
......H.###...#∩........
∆ ∆ #@..#.©.#§........
#.#.#...#..#######
..#.#...#..#BZ....
.......8.#..#......
.##.###...#..#...... #.
......8.#..#!..... #
#####...#..#©...©.
#≈8≈#..#......
#####..#......


You could see a minotaur (unable to see you).

Vanquished Creatures
  A quicksilver ooze (Gauntlet)
  Fannar (D:11)
  Sonja (D:10)
  A death drake (Gauntlet)
  Maurice (D:7)
  Jeremiah (D:7)
  A kobold demonologist (D:10)
  4 trolls
  A hornet (D:11)
  A slime creature (D:11)
  A wyvern (D:10)
  A vampire (D:9)
  15 yaks
  A steam dragon (D:8)
  Grum (D:8)
  Duvessa (D:5)
  3 orc warriors
  2 ice beasts
  A sky beast (D:8)
  A crocodile (Sewer)
  2 centaurs
  A wolf (D:8)
  A phantom (D:5)
  A kobold brigand (D:10)
  2 bullfrogs
  3 scorpions
  4 wights (D:7)
  Dowan (D:5)
  9 killer bees
  3 howler monkeys
  2 bombardier beetles
  2 hounds
  3 jellies (D:11)
  An orc priest (D:10)
  2 sleepcaps (D:5)
  An iguana (D:4)
  Jessica (D:3)
  Terence (D:2)
  6 orc wizards
  A sickly merfolk siren (Sewer)
  2 river rats (D:3)
  7 adders
  2 white imps
  A dart slug (D:4)
  2 ribbon worms
  18 orcs
  8 ball pythons
  6 endoplasms
  6 giant cockroaches
  6 goblins
  4 hobgoblins
  7 jackals
  3 quokkas
  5 bats
  5 frilled lizards (Sewer)
  8 kobolds
  25 rats
202 creatures vanquished.

Vanquished Creatures (collateral kills)
  A wyvern (D:10)
  Eustachio (D:4)
  3 yaks
  A water moccasin (D:8)
  An ice beast (D:7)
  2 wolves (D:8)
  2 centaurs
  A scorpion (D:11)
  A wight (D:7)
  2 killer bees
  A jelly (D:5)
  2 orc priests (D:10)
  An orc wizard (D:8)
  An iguana (D:5)
  An adder (D:5)
  A shadow imp (D:6)
  8 orcs
  A hobgoblin (D:4)
  2 jackals (D:5)
  2 kobolds (D:10)
35 creatures vanquished.

Vanquished Creatures (others)
  4 knights
  5 ancestors
9 creatures vanquished.

Grand Total: 246 creatures vanquished

Notes
Turn   | Place    | Note
-------+----------+-------------------------------------------
     0 | D:1      | GinfulOdds the Gnoll Wanderer began the quest for the Orb.
     0 | D:1      | GinfulOdds set off with the following items: a +0 flail, a
                  | +0 ring mail, a scroll of fear; and the following spells
                  | available to memorise: Static Discharge, Cigotuvi's
                  | Dreadful Rot.
     0 | D:1      | Reached XP level 1. HP: 17/17 MP: 4/4
   199 | D:1      | Reached XP level 2. HP: 23/23 MP: 5/5
   346 | D:1      | Learned a level 2 spell: Static Discharge
   424 | D:1      | Learned a level 2 spell: Cigotuvi's Dreadful Rot
  1157 | D:2      | Noticed Terence
  1159 | D:2      | Reached XP level 3. HP: 28/28 MP: 7/7
  1307 | D:2      | You fall into a shaft and drop 2 floors!
  1379 | D:4      | Noticed a scorpion
  1398 | D:4      | Found a staircase to the Ecumenical Temple.
  1407 | Temple   | Entered the Ecumenical Temple
  1420 | Temple   | Became a worshipper of Hepliaklqana the Forgotten
  1518 | D:3      | Noticed Jessica
  1528 | D:3      | Killed Jessica
  1529 | D:3      | Reached skill level 1 in Short Blades
  1529 | D:3      | Reached skill level 1 in Long Blades
  1529 | D:3      | Reached skill level 1 in Axes
  1529 | D:3      | Reached skill level 1 in Polearms
  1529 | D:3      | Reached skill level 1 in Staves
  1529 | D:3      | Reached skill level 1 in Ranged Weapons
  1529 | D:3      | Reached skill level 1 in Throwing
  1529 | D:3      | Reached skill level 1 in Dodging
  1529 | D:3      | Reached skill level 1 in Stealth
  1529 | D:3      | Reached skill level 1 in Shields
  1529 | D:3      | Reached skill level 1 in Unarmed Combat
  1529 | D:3      | Reached skill level 1 in Invocations
  1529 | D:3      | Reached skill level 1 in Evocations
  1641 | D:3      | Reached skill level 1 in Shapeshifting
  1641 | D:3      | Reached XP level 4. HP: 31/34 MP: 8/8
  1720 | D:3      | Reached skill level 1 in Conjurations
  1720 | D:3      | Reached skill level 1 in Hexes
  1720 | D:3      | Reached skill level 1 in Summonings
  1720 | D:3      | Reached skill level 1 in Necromancy
  1720 | D:3      | Reached skill level 1 in Translocations
  1720 | D:3      | Reached skill level 1 in Fire Magic
  1720 | D:3      | Reached skill level 1 in Ice Magic
  1720 | D:3      | Reached skill level 1 in Earth Magic
  1720 | D:3      | Reached skill level 1 in Alchemy
  1721 | D:3      | Found a glowing drain.
  1725 | Sewer    | Entered a sewer
  1827 | Sewer    | Reached XP level 5. HP: 32/40 MP: 0/9
  1960 | Sewer    | Noticed a crocodile
  2015 | Sewer    | Killed a crocodile
  2169 | Sewer    | Noticed a crocodile
  2174 | Sewer    | Reached XP level 6. HP: 40/47 MP: 11/11
  2814 | D:3      | Reached skill level 5 in Armour
  3134 | D:2      | Killed Terence
  3329 | D:2      | Found a runed translucent door.
  3330 | D:2      | Noticed Crazy Yiuf
  3940 | D:4      | Learned a level 2 spell: Scorch
  3976 | D:4      | Reached * piety under Hepliaklqana
  4505 | D:4      | Reached XP level 7. HP: 46/46 MP: 12/12
  4760 | D:5      | Entered Level 5 of the Dungeon
  5051 | D:5      | Noticed Dowan
  5054 | D:5      | Reached skill level 9 in Maces & Flails
  5142 | D:5      | Noticed Duvessa
  5156 | D:5      | Noticed Eustachio
  5633 | D:4      | Killed Eustachio
  5713 | D:4      | Learned a level 3 spell: Inner Flame
  5803 | D:5      | Found Muta's Armour Shop.
  5921 | D:5      | Noticed a yak
  5923 | D:5      | Noticed a yak
  5936 | D:5      | Reached XP level 8. HP: 35/54 MP: 0/14
  5952 | D:5      | Killed a yak
  6182 | D:5      | Killed Duvessa
  6321 | D:5      | Killed Dowan
  6546 | D:5      | Killed a yak
  6547 | D:5      | Reached skill level 5 in Air Magic
  6832 | D:5      | Reached ** piety under Hepliaklqana
  6833 | D:5      | Remembered your ancestor So-B'rodz as a knight
  7150 | D:6      | Found Fivut's Antique Armour Shoppe.
  7216 | D:6      | Reached XP level 9. HP: 59/59 MP: 16/16
  7736 | D:7      | Reached skill level 5 in Spellcasting
  7753 | D:7      | Reached skill level 5 in Fighting
  7901 | D:7      | Noticed Jeremiah
  7918 | D:7      | Killed Jeremiah
  7921 | D:7      | Reached skill level 5 in Invocations
  8122 | D:7      | Noticed Maurice
  8128 | D:7      | Killed Maurice
  8175 | D:7      | Found a sacrificial altar of Ru.
  8467 | D:7      | Learned a level 3 spell: Call Canine Familiar
  8471 | D:7      | Learned a level 3 spell: Fugue of the Fallen
  8627 | D:7      | Reached skill level 5 in Short Blades
  8627 | D:7      | Reached skill level 5 in Long Blades
  8627 | D:7      | Reached skill level 5 in Axes
  8627 | D:7      | Reached skill level 5 in Polearms
  8627 | D:7      | Reached skill level 5 in Staves
  8627 | D:7      | Reached skill level 5 in Ranged Weapons
  8627 | D:7      | Reached skill level 5 in Throwing
  8627 | D:7      | Reached skill level 5 in Dodging
  8627 | D:7      | Reached skill level 5 in Stealth
  8627 | D:7      | Reached skill level 5 in Shields
  8627 | D:7      | Reached skill level 5 in Unarmed Combat
  8627 | D:7      | Reached skill level 5 in Evocations
  8708 | D:8      | Reached XP level 10. HP: 55/68 MP: 14/18
  8709 | D:8      | Reached skill level 10 in Maces & Flails
  8864 | D:8      | Reached *** piety under Hepliaklqana
  8948 | D:8      | Noticed Grum
  8960 | D:8      | Killed Grum
  9065 | D:8      | Learned a level 3 spell: Ozocubu's Armour
  9283 | D:8      | Found a white marble altar of Elyvilon.
  9572 | D:9      | Reached skill level 5 in Shapeshifting
  9858 | D:9      | Found a sparkling altar of Nemelex Xobeh.
  9859 | D:9      | Identified the +8 mace "Demonslayer" {heavy, rF+}
  9912 | D:9      | Found a radiant altar of Vehumet.
  9951 | D:9      | Reached skill level 5 in Conjurations
  9951 | D:9      | Reached skill level 5 in Hexes
  9951 | D:9      | Reached skill level 5 in Summonings
  9951 | D:9      | Reached skill level 5 in Necromancy
  9951 | D:9      | Reached skill level 5 in Translocations
  9951 | D:9      | Reached skill level 5 in Fire Magic
  9951 | D:9      | Reached skill level 5 in Ice Magic
  9951 | D:9      | Reached skill level 5 in Earth Magic
  9951 | D:9      | Reached skill level 5 in Alchemy
  9951 | D:9      | Reached XP level 11. HP: 60/74 MP: 12/21
 10021 | D:9      | Reached **** piety under Hepliaklqana
 10275 | D:10     | Entered Level 10 of the Dungeon
 11177 | D:10     | Noticed Sonja
 11195 | D:10     | Killed Sonja
 11259 | D:10     | Identified a scroll of acquirement
 11259 | D:10     | Acquired 768 gold pieces
 11355 | D:6      | Bought the +3 pair of gauntlets of War {Slay+5} for 1092
                  | gold pieces
 11355 | D:6      | Found the +3 pair of gauntlets of War {Slay+5}
 11538 | D:10     | Found a staircase to the Orcish Mines.
 11689 | D:11     | Noticed Fannar
 11696 | D:11     | Killed Fannar
 11771 | D:11     | Noticed a cyan ugly thing
 11780 | D:11     | Found a viscous altar of Jiyva.
 11809 | D:11     | Found a gate leading to a gauntlet.
 11849 | Gauntlet | Entered a Gauntlet
 11849 | Gauntlet | Noticed a quicksilver ooze
 11849 | Gauntlet | Found a transporter.
 11849 | Gauntlet | Found a transporter.
 11856 | Gauntlet | Found a transporter.
 11856 | Gauntlet | Found a transporter.
 11859 | Gauntlet | Found a transporter.
 11866 | Gauntlet | Noticed a death scarab
 11870 | Gauntlet | Found a transporter.
 11874 | Gauntlet | Found a large runed translucent door.
 11874 | Gauntlet | Found a large runed translucent door.
 11875 | Gauntlet | Found a large runed translucent door.
 11875 | Gauntlet | Found a large runed translucent door.
 11876 | Gauntlet | Found a large runed translucent door.
 11876 | Gauntlet | Found a large runed translucent door.
 11876 | Gauntlet | Found a large runed translucent door.
 11876 | Gauntlet | Found a large runed translucent door.
 11877 | Gauntlet | Found a runed translucent door.
 11877 | Gauntlet | Found a runed translucent gate.
 11887 | Gauntlet | Noticed a death drake
 11891 | Gauntlet | Found a transporter.
 11913 | Gauntlet | Found a transporter.
 11913 | Gauntlet | Found a runed translucent gate.
 11913 | Gauntlet | Noticed a worldbinder
 11914 | Gauntlet | Found a runed translucent gate.
 11915 | Gauntlet | Found a large runed translucent door.
 11916 | Gauntlet | Found a large runed translucent door.
 11917 | Gauntlet | Found a large runed translucent door.
 11924 | Gauntlet | Found a large runed translucent door.
 11926 | Gauntlet | Found a large runed translucent door.
 11926 | Gauntlet | Found a large runed translucent door.
 11926 | Gauntlet | Found a runed translucent door.
 11927 | Gauntlet | Found a large runed translucent door.
 11928 | Gauntlet | Found a large runed translucent door.
 11930 | Gauntlet | Found a transporter.
 11934 | Gauntlet | Noticed a sixfirhy
 11938 | Gauntlet | Found a transporter.
 11956 | Gauntlet | Found a transporter.
 12008 | Gauntlet | Found a transporter.
 12053 | Gauntlet | Identified the ring of the Coward {Fly Will+ Int-3 SInv}
 12061 | Gauntlet | Killed a quicksilver ooze
 12194 | Gauntlet | Killed a death drake
 12195 | Gauntlet | Reached skill level 11 in Maces & Flails
 12306 | Gauntlet | Noticed a minotaur
 12322 | Gauntlet | HP: 3/75 [minotaur/the +7 lajatang of Order {silver, rMut}
                  | (4)]
 12322 | Gauntlet | Slain by a minotaur

Illustrated notes

Levels and vault maps discovered:
D:1:      dpeg_arrival_chambers_temple_mockup, layout_loops_ring
D:2:      layout_basic, uniq_crazy_yiuf_cottage, uniq_terence
D:3:      layout_basic, gup_sewer_entry_spiral, corexii_shack, uniq_jessica
D:4:      layout_gridville, minmay_temple_entry_sparse_star
D:5:      layout_basic, serial_shops, shop, minmay_misc_feat_five,
          minmay_divided_ellipse, uniq_duvessa, uniq_eustachio
D:6:      layout_basic, serial_shops, shop
D:7:      layout_basic, marbit_many_paths, uniq_jeremiah, uniq_maurice
D:8:      layout_cave_pools, kennysheep_little_box, kennysheep_generic_room_4,
          uniq_grum
D:9:      layout_irregular_city, chequers_temple_overflow_statue_of_worship
D:10:     layout_cave_pools, david_orc_1_choice, uniq_sonja
D:11:     minmay_stone_box, layout_gridville, grunt_lair_entry_orc_guard_hut,
          serial_shops, nicolae_shop_window_shopping, gauntlet_entry_generic,
          jiyva_altar_1, uniq_fannar
Temple:   nicolae_temple_no_exploring_needed
Gauntlet: gammafunk_gauntlet_shortcut [gammafunk_gauntlet_arena_grid,
          nicolae_gauntlet_arena_x, nicolae_gauntlet_arena_quarters,
          gammafunk_gauntlet_arena_chambers,
          minmay_gauntlet_arena_make_your_own_arena,
          gammafunk_gauntlet_arena_open, nicolae_gauntlet_exit_dead_adventurers]

Skill      XL: |  1  2  3  4  5  6  7  8  9 10 11 |
---------------+----------------------------------+-----
Short Blades   | 1 2 3 5 6 |  6.9
Long Blades    | 1 2 3 5 6 |  6.9
Axes           | 1 2 3 5 6 |  6.9
Polearms       | 1 2 3 5 6 |  6.9
Staves         | 1 2 3 5 6 |  6.9
Ranged Weapons | 1 2 3 5 6 |  6.9
Throwing       | 1 2 3 5 6 |  6.9
Dodging        | 1 2 3 5 6 |  6.9
Stealth        | 1 2 3 5 6 |  6.9
Shields        | 1 2 3 5 6 |  6.9
Unarmed Combat | 1 2 3 5 6 |  6.9
Invocations    | 1 2 3 4 5 6 7 |  7.6
Evocations     | 1 2 3 5 6 |  6.9
Spellcasting   | 3 4 5 6 7 |  7.5
Shapeshifting  | 1 2 3 4 5 6 |  6.3
Conjurations   | 1 2 3 4 5 |  5.7
Hexes          | 1 2 3 4 5 |  5.7
Summonings     | 1 2 3 4 5 |  5.7
Necromancy     | 1 2 3 4 5 |  5.7
Translocations | 1 2 3 4 5 |  5.7
Fire Magic     | 1 2 3 4 5 |  5.7
Ice Magic      | 1 2 3 4 5 |  5.7
Earth Magic    | 1 2 3 4 5 |  5.7
Alchemy        | 1 2 3 4 5 |  5.7
Fighting       | 3 4 5 6 7 |  7.4
Air Magic      | 4 5 6 7 |  7.0
Armour         | 5 6 7 8 |  8.4
Maces & Flails | 9 10 11 | 11.0

Action                     |  1- 3 |  4- 6 |  7- 9 | 10-12 || total
---------------------------+-------+-------+-------+-------++-------
  Melee: Flail             |    87 |   132 |    59 |       ||   278
         Bite              |     7 |     7 |     3 |       ||    17
         Punch             |       |     2 |     4 |       ||     6
   Fire: Shortbow          |       |       |    67 |    30 ||    97
         Arbalest          |       |       |       |   145 ||   145
  Throw: Dart              |       |     3 |       |       ||     3
         Javelin           |       |       |     3 |       ||     3
         Boomerang         |       |       |     1 |       ||     1
   Cast: Static Discharge  |     2 |    29 |     9 |       ||    40
         Cigotuvi's Dreadf |       |     1 |       |       ||     1
         Scorch            |       |    14 |    55 |     3 ||    72
         Inner Flame       |       |       |    25 |    38 ||    63
         Fugue of the Fall |       |       |     1 |     2 ||     3
         Ozocubu's Armour  |       |       |       |     1 ||     1
 Invoke: Recall Ancestor   |       |       |     1 |     2 ||     3
         Ancestor Life: Kn |       |       |     1 |       ||     1
         Ancestor Identity |       |       |     1 |       ||     1
         Transference      |       |       |       |     1 ||     1
  Evoke: Sack of spiders   |       |       |       |     1 ||     1
    Use: Scroll            |     2 |     8 |    11 |     4 ||    25
         Potion            |       |     4 |     2 |     5 ||    11
   Stab: Sleeping          |     1 |     2 |       |       ||     3
 Armour: Ring mail         |    36 |       |       |       ||    36
         Leather armour    |     9 |    90 |    44 |       ||   143
         Skin              |       |       |    19 |       ||    19
         Robe              |       |       |     4 |    72 ||    76
  Dodge: Dodged            |    43 |    68 |    90 |   109 ||   310
  Block: Other             |     4 |    33 |    27 |    11 ||    75
         Reflection        |       |     1 |       |     1 ||     2

Table legend: (Time is in decaauts)
 A = Elapsed time spent in this place.
 B = Non-inter-level travel time spent in this place.
 C = Inter-level travel time spent in this place.
 D = Time resting spent in this place.
 E = Time spent auto-exploring this place.
 F = Levels seen in this place.
 G = Mean time per level.
                   A        B        C        D        E       F      G
               +--------+--------+--------+--------+--------+-----+--------+
         Total |  12559 |  11623 |    936 |   2983 |   6147 |  14 |  897.1 |
       Dungeon |  11234 |  10304 |    930 |   2527 |   5783 |  11 | 1021.3 |
        Temple |     20 |     14 |      6 |      0 |      0 |   1 |   20.0 |
         Sewer |    813 |    813 |      0 |    252 |    221 |   1 |  813.0 |
      Gauntlet |    490 |    490 |      0 |    204 |    143 |   1 |  490.0 |
               +--------+--------+--------+--------+--------+-----+--------+

Top non-repeatable levels by time:
     D:4: 1747 daAuts
     D:5: 1427 daAuts
     D:7: 1200 daAuts
     D:9: 1184 daAuts
     D:3: 1134 daAuts
    D:10: 1086 daAuts
     D:1: 1036 daAuts
     D:2: 931 daAuts
   Sewer: 813 daAuts
     D:8: 693 daAuts
     D:6: 588 daAuts
Gauntlet: 490 daAuts
    D:11: 203 daAuts
  Temple: 20 daAuts
